[Event "*** Titled Tuesday Blitz"]
[Site "Chess.com"]
[Date "2021.04.06"]
[Round "5"]
[White "Snowflake"]
[Black "LEGENYA1998"]
[Result "1-0"]
[WhiteElo "2499"]
[BlackElo "2225"]
[TimeControl "180+1"]
[EndTime "11:00:02 PDT"]
[Termination "Snowflake won by resignation"]

1. d4 Nf6 2. Nf3 e6 3. Bg5 b6 4. g3 Bb7 5. Bg2 h6 6. Bxf6 Qxf6 7. O-O d6 8. Nbd2 Qd8 9. e4 Be7 10. c3 O-O 11. Re1 Nd7 12. h4 c5 13. Qe2 e5 14.
d5 a5 15. a4 Ba6 16. Qe3 Nf6 17.
Nh2 Qd7 18. Bf1 b5 19. axb5 Bxb5 20. Nc4 Bxc4 21. Bxc4 Rfb8 22. Qe2 Qc7 23. Ra2 Nd7 24.
Rea1 Bd8 25. Kg2 Nf6 26. Ng4 Nxg4 27. Qxg4 Qc8 28. Qxc8 Rxc8 29. Bb5 Rcb8 30. c4 Bb6 31. b3 Ra7 32. Kf3 Re7 33. Kg4 g6 34. Kh3 Kg7 35. Re1 Rf8 36. g4 g5 37. f3 Ra7 38. Rh1 Bc7 39. Kg3 Rh8 40. Rah2 Raa8 41. Bc6 Rab8 42. Bb5 Ra8 43. Rh3 Rab8 44. Kf2 Ra8 45. Ke3 Rab8 46. Kd3 Ra8 47. Kc2 Rab8 48. Kb2 Ra8 49. Ka3 Rab8 50. Ka4 Bd8 51. Ka3 Bc7 52. hxg5 hxg5 53.
Rxh8 Rxh8 54. Rxh8 Kxh8 55. Ka4 Kg7 56. Ba6 Kf6 57.
Kb5 Ke7 58. Kc6 Bd8 59. Kb7 a4 60. bxa4 Ba5 61. Bb5 Kd8 62. Bc6 Bc7 63. Be8 f6 64. Bb5 Ba5 65. Bc6 Bc7 66. Bb5 Ba5 67. Ka6 Bc7 68. Bc6 Kc8 69. Kb5 Kb8 70. a5 Ka7 71. a6 Bb6 72. Bb7 Bc7 73. Kc6 Bb8 74. Kd7 Kb6 75. Ke7 Ka5 76. Kxf6 Kb4 77. Kxg5 Kxc4 78.
a7 Bxa7 79. f4 exf4 80. Kxf4 Kd3 81. g5 c4 82. Ba6 Kc3 83. g6 Bd4 84. Kf5 Be5 85. Ke6 Kb3 86. Kf7 c3 87. Bd3 c2 88.
Bxc2+ Kxc2 89. g7 Bxg7 90. Kxg7 Kc3 91. Kf6 Kd4 92. Ke6 Kc5 93. Kd7 Kd4 94. Kxd6 Kxe4 95. Ke6 Kd4 96. d6 1-0

[Event "*** Titled Tuesday Blitz"]
[Site "Chess.com"]
[Date "2021.04.06"]
[Round "5"]
[White "WisdomGame"]
[Black "bylavochka"]
[Result "1/2-1/2"]
[WhiteElo "2084"]
[BlackElo "2224"]
[TimeControl "180+1"]
[EndTime "11:00:25 PDT"]
[Termination "Game drawn by 50-move rule"]

1. e4 c5 2. Nf3 d6 3. Bb5+ Bd7 4. Bxd7+ Qxd7 5. O-O Nc6 6. d4 cxd4 7. Nxd4 Nf6 8. Nc3 e6 9. f3 Be7 10. Be3 O-O 11.
Qd2 a6 12. Rad1 Ne5 13. Qe2 Rfc8 14. Nb3 Nc4 15. Bc1 Qc7 16. Kh1 b5 17. Nd2 Nb6 18.
Rfe1 b4 19. Ncb1 Qxc2 20. Nb3 Nfd7 21. Be3 Qxe2 22. Rxe2 Nc4 23. Bg1 a5 24. Nc1 a4 25.
Nd3 Nde5 26. Nxe5 Nxe5 27. h3 Nc4 28. Bh2 Bf6 29. b3 axb3 30. axb3 Nb2 31. Rf1 Nd3 32. Bxd6 Nc1 33. Ree1 Nxb3 34. Bxb4 Rab8 35. Bd6 Rb6 36. e5 Bh4 37. Re4 Bd8 38. Rd1 g6 39. Nd2 Bg5 40. Nxb3 Rxb3 41. Red4 Rb7 42. Ba3 Kg7 43. h4 Be7 44. Bxe7 Rxe7 45. Kh2 Rc2 46. R1d2 Rec7 47. Rxc2 Rxc2 48. Kg3 Re2 49. f4 Re3+ 50. Kf2 Ra3 51. Re4 Kh6 52. Re3 Ra2+ 53. Kf3 Kh5 54. g3 Ra4 55.
Rb3 Ra7 56. Rc3 Rb7 57. Kg2 Kg4 58. Rd3 Rb2+ 59. Kg1 Kh3 60. Kf1 Rb1+ 61. Kf2 Rb2+ 62. Kf3 Rg2 63. Rd7 Rxg3+ 64. Ke4 Kxh4 65. Rxf7 Rg1 66.
Rxh7+ Kg4 67. Rf7 Re1+ 68. Kd3 Rf1 69. Ke3 Re1+ 70. Kf2 Re4 71. Kg2 Rxf4 72. Rf6 Re4 73. Rxe6 Kf5 74. Rf6+ Kxe5 75. Rxg6 Re2+ 76. Kf3 Ra2 77.
Rg5+ Kf6 78. Rb5 Ra3+ 79. Kf4 Ra6 80. Rh5 Re6 81. Rh6+ Ke7 82. Rh7+ Kd6 83. Kf5 Re5+ 84. Kf4 Re6 85. Ra7 Rf6+ 86. Kg5 Re6 87. Kf5 Re5+ 88.
Kf6 Re6+ 89. Kf7 Re2 90. Ra6+ Kd7 91. Kf6 Rf2+ 92. Ke5 Re2+ 93. Kd5 Rd2+ 94. Ke5 Re2+ 95. Kf4 Rf2+ 96. Ke3 Rf8 97. Ra7+ Kc6 98. Kd4 Rd8+ 99. Kc4 Rd1 100. Ra6+ Kb7 101. Rh6 Rc1+ 102. Kb3 Rb1+ 103. Kc2 Rb6 104. Rh7+ Ka6 105. Kc3 Rc6+ 106. Kb4 Rb6+ 107. Kc5 Rb1 108. Rh8 Rc1+ 109. Kd5 Kb7 110. Rh7+ Kc8 111. Kd6 Rd1+ 112. Kc6 Rc1+ 113. Kd5 Rd1+ 114. Kc4 Rc1+ 115. Kb4 Rb1+ 116. Kc3 Rc1+ 117. Kb3 Rc7 118. Rh8+ Kb7 119. Kb4 Rc8 120. Rh7+ Rc7 121. Rh6 Rg7 122. Kc5 Rg5+ 123. Kd6 Ra5 124. Rh7+ Kc8 125. Kc6 1/2-1/2

[Event "*** Titled Tuesday Blitz"]
[Site "Chess.com"]
[Date "2021.04.06"]
[Round "5"]
[White "ErikRonka"]
[Black "ahmad_alkhatib11"]
[Result "1-0"]
[WhiteElo "2445"]
[BlackElo "2285"]
[TimeControl "180+1"]
[EndTime "11:00:41 PDT"]
[Termination "ErikRonka won by checkmate"]

1. d4 Nf6 2. c4 g6 3. Nc3 Bg7 4. e4 d6 5. f3 O-O 6. Be3 Nbd7 7. Nh3 a6 8. Nf2 c5 9. d5 b5 10. cxb5 Qa5 11. a4 axb5 12. Bxb5 Ba6 13. O-O Rfb8 14. Qd2 Ne5 15. b3 Ne8 16. Rac1 Nc7 17. Bxa6 Qxa6 18. Rb1 Qa5 19. Rfc1 c4 20. Nb5 Nxb5 21. axb5 c3 22. Qe2 Qxb5 23. Qxb5 Rxb5 24. Kf1 Nd7 25. Nd3 Rab8 26.
b4 Nb6 27. Ke2 Nc4 28. Rb3 Nxe3 29. Kxe3 Bh6+ 30. f4 e5 31. g3 exf4+ 32. gxf4 g5 33. Rcxc3 gxf4+ 34. Kf3 Bg7 35. Rc2 Be5 36. Rc6 Ra8 37.
Rc2 Ra1 38. Rg2+ Kf8 39. Rf2 Rd1 40. Nxf4 Bxf4 41. Kxf4 Rd4 42. Rfb2 Ke7 43. Kf5 Rd1 44. Ra3 Rf1+ 45. Kg4 Rd1 46. Ra7+ Kf6 47. Ra6 Rg1+ 48. Kf3 Rf1+ 49. Ke2 Rh1 50. Rxd6+ Ke5 51. Rh6 f5 52. Rh5 Kxe4 53. Kd2 Rxd5+ 54. Kc3 Rc1+ 55. Kb3 Rd3+ 56. Ka4 Ra1+ 57. Kb5 Rd5+ 58. Kc6 Rad1 59. b5 Rd6+ 60.
Kb7 Rd7+ 61. Ka6 R7d6+ 62. b6 Ra1+ 63. Kb7 Rad1 64. Kc7 Rd7+ 65. Kc6 R1d6+ 66. Kb5 Rd5+ 67. Ka6 R7d6 68. Rb4+ Ke3 69. Rh3+ Kf2 70. Rhb3 Ke2 71. Rb2+ Kd3 72. Ka7 Rd7+ 73. b7 Ra5+ 74. Kb6 Rad5 75. b8=Q R5d6+ 76. Qxd6+ Rxd6+ 77. Kc7 Re6 78. R4b3+ Kc4 79.
Rf3 Re5 80. Rbf2 Re7+ 81. Kd6 Rg7 82. Rxf5 Kd4 83. Ke6 Ke3 84. Kf6 Rg6+ 85. Kf7 h6 86.
h4 Rg4 87. h5 Rd4 88. R2f3+ Ke2 89. Rf6 Rd7+ 90. Kg6 Ra7 91. Kxh6 Ke1 92. R3f5 Ra8 93.
Re5+ Kd2 94. Rd6+ Kc3 95. Ree6 Kc4 96. Kg6 Rg8+ 97. Kf7 Rh8 98. h6 Rh7+ 99. Kg6 Rb7 100. h7 Rb8 101. Kg7 Kc5 102. h8=Q Rb7+ 103. Kg6 Rb5 104. Qh5+ Kb4 105. Re4+ Ka5 106. Rd5 Ka6 107. Rxb5 Ka7 108. Re7+ Ka8 109. Qh8# 1-0

[Event "*** Titled Tuesday Blitz"]
[Site "Chess.com"]
[Date "2021.04.06"]
[Round "6"]
[White "banane_verte"]
[Black "attack2mateU"]
[Result "1-0"]
[WhiteElo "2441"]
[BlackElo "2677"]
[TimeControl "180+1"]
[EndTime "11:02:19 PDT"]
[Termination "banane_verte won by resignation"]

1. e4 c5 2. Nc3 d6 3. d4 cxd4 4. Qxd4 Nc6 5. Bb5 Bd7 6. Bxc6 Bxc6 7. Nf3 Nf6 8. Bg5 e6 9. O-O-O Be7 10. Bxf6 Bxf6 11.
Qxd6 Qxd6 12. Rxd6 Bxc3 13. bxc3 Bxe4 14. Ne5 f6 15.
Rxe6+ 1-0

[Event "*** Titled Tuesday Blitz"]
[Site "Chess.com"]
[Date "2021.04.06"]
[Round "6"]
[White "akanga001"]
[Black "chessprincesa1"]
[Result "1-0"]
[WhiteElo "2030"]
[BlackElo "2225"]
[TimeControl "180+1"]
[EndTime "11:02:46 PDT"]
[Termination "akanga001 won by resignation"]

1. e4 e5 2. Nf3 Nc6 3. Bb5 a6 4.
Ba4 Nf6 5. Nc3 b5 6. Bb3 Bc5 7. d3 d6 8. O-O h6 9. Nd5 Ba7 10. Nxf6+ Qxf6 11. Bd5 Bd7 12. c4 Rb8 13. Be3 Bxe3 14.
fxe3 O-O 15. Nd4 1-0

[Event "*** Titled Tuesday Blitz"]
[Site "Chess.com"]
[Date "2021.04.06"]
[Round "6"]
[White "VladimirBugayev"]
[Black "Willhaven3"]
[Result "0-1"]
[WhiteElo "2259"]
[BlackElo "2500"]
[TimeControl "180+1"]
[EndTime "11:03:19 PDT"]
[Termination "Willhaven3 won by resignation"]

1. e4 c5 2. Nc3 Nc6 3. Bb5 Nd4 4.
Nf3 Nxb5 5. Nxb5 g6 6. d4 Bg7 7. c4 cxd4 8. Nfxd4 a6 9. Nc3 d6 10. O-O Nf6 11. f3 Qb6 12. Be3 Qxb2 13. Na4 Qa3 14. Nb6 Qxe3+ 0-1

[Event "*** Titled Tuesday Blitz"]
[Site "Chess.com"]
[Date "2021.04.06"]
[Round "6"]
[White "shreyansshah123"]
[Black "Maddie"]
[Result "0-1"]
[WhiteElo "1639"]
[BlackElo "2069"]
[TimeControl "180+1"]
[EndTime "11:03:30 PDT"]
[Termination "Maddie won by resignation"]

1. d4 d5 2. Nf3 Nf6 3. Bf4 Bf5 4. e3 e6 5. Bd3 Bxd3 6. Qxd3 c6 7. O-O Bd6 8. Bg3 O-O 9. Nbd2 Bxg3 10. fxg3 Nbd7 11. c3 c5 12. Qc2 cxd4 13. exd4 Rc8 14. Qb3 Nb6 15. Rae1 Qc7 16. Ne5 Nfd7 17. Ndf3 Nxe5 18. Nxe5 Nc4 19. Nxc4 Qxc4 20. Qxc4 Rxc4 21. Rf4 Rc6 22. Rg4 Ra6 23. a3 Rb6 24. Re2 Rc6 25. Rf4 h6 26.
Rff2 Rfc8 27. Kf1 Rb6 28. Ke1 Rbc6 29. Kd1 Rb6 30. Kc1 Rbc6 31. Kb1 Rc4 32. Rc2 a6 33. Ka2 b5 34. Rf3 Rxd4 35. cxd4 Rxc2 36. Kb3 Rxg2 37.
Kb4 Rxb2+ 38. Ka5 Ra2 39. Kxa6 b4 40. Ka5 Rxa3+ 0-1

[Event "*** Titled Tuesday Blitz"]
[Site "Chess.com"]
[Date "2021.04.06"]
[Round "6"]
[White "PushingpawnsNYC"]
[Black "Dave_ChessMate"]
[Result "1-0"]
[WhiteElo "2322"]
[BlackElo "2476"]
[TimeControl "180+1"]
[EndTime "11:03:44 PDT"]
[Termination "PushingpawnsNYC won by resignation"]

1. e4 c5 2. Nc3 Nc6 3. Bb5 Nd4 4. Nf3 e6 5. O-O Qc7 6. Nxd4 cxd4 7. Ne2 Qe5 8. Bd3 g5 9. c3 dxc3 10. dxc3 Bd6 11. g3 Ne7 12. Be3 b6 13. Bd4 Qa5 14. b4 Qa3 15. Bxh8 Bb7 16. Qb3 Qxb3 17. axb3 O-O-O 18. Bf6 Kb8 19. e5 1-0

[Event "*** Titled Tuesday Blitz"]
[Site "Chess.com"]
[Date "2021.04.06"]
[Round "6"]
[White "superchess02"]
[Black "NateSolon"]
[Result "1-0"]
[WhiteElo "2821"]
[BlackElo "2627"]
[TimeControl "180+1"]
[EndTime "11:04:11 PDT"]
[Termination "superchess02 won by resignation"]

1. f4 d5 2. Nf3 Bg4 3. e3 Nd7 4.
Be2 Ngf6 5. b3 Bxf3 6. Bxf3 e5 7. fxe5 Nxe5 8. Bb2 Bd6 9. O-O Qe7 10. h3 c6 11. Nc3 O-O-O 12. Ne2 h5 13. Nd4 g6 14.
c4 dxc4 15. bxc4 Kb8 16. Rb1 Ka8 17. Nxc6 Nxf3+ 18. Qxf3 Qe4 19. Nxd8 1-0

[Event "*** Titled Tuesday Blitz"]
[Site "Chess.com"]
[Date "2021.04.06"]
[Round "6"]
[White "MasterKroket"]
[Black "tapu2"]
[Result "0-1"]
[WhiteElo "2513"]
[BlackElo "2657"]
[TimeControl "180+1"]
[EndTime "11:04:13 PDT"]
[Termination "tapu2 won by resignation"]

1. d4 Nf6 2. c4 e6 3. Nf3 d5 4. Nc3 dxc4 5. e4 b5 6. e5 Nd5 7. Nxb5 Nb6 8. Nc3 Nc6 9. g3 Bb7 10. Bg2 Nxd4 11. O-O Nxf3+ 12. Bxf3 Qxd1 13. Bxd1 Bc5 14. Nb5 Kd7 15. Be2 a6 16. Na3 Bd5 17. Be3 Bxa3 18.
bxa3 Rhb8 19. Rac1 c6 20. Rfd1 Na4 21. Bxc4 Nb2 22.
Rd2 Nxc4 23. Rxc4 Rb1+ 0-1

[Event "*** Titled Tuesday Blitz"]
[Site "Chess.com"]
[Date "2021.04.06"]
[Round "6"]
[White "Tekushka"]
[Black "2008king"]
[Result "1-0"]
[WhiteElo "2396"]
[BlackElo "2208"]
[TimeControl "180+1"]
[EndTime "11:04:19 PDT"]
[Termination "Tekushka won by resignation"]

1. e4 e5 2. Nf3 Nc6 3. Bc4 Bc5 4. c3 Nf6 5. d4 exd4 6. e5 d5 7. Bb5 Ne4 8. cxd4 Bb4+ 9. Bd2 Nxd2 10. Nbxd2 Bg4 11.
Bxc6+ bxc6 12. Qa4 Bxd2+ 13. Nxd2 Bd7 14. Qa3 Qe7 15. Qxe7+ Kxe7 16. Nb3 Rab8 17. O-O-O Rb5 18. Nc5 Rhb8 19. b3 Bf5 20. f3 Rxc5+ 21. dxc5 Rb5 22.
Kb2 Rxc5 23. Rc1 Rxc1 24. Rxc1 Kd7 25. b4 h5 26. Kc3 c5 27. bxc5 c6 28. Kd4 Be6 29. Rc3 g6 30. Ra3 1-0

[Event "*** Titled Tuesday Blitz"]
[Site "Chess.com"]
[Date "2021.04.06"]
[Round "6"]
[White "Redbandit87"]
[Black "LEGENYA1998"]
[Result "1-0"]
[WhiteElo "2407"]
[BlackElo "2221"]
[TimeControl "180+1"]
[EndTime "11:04:27 PDT"]
[Termination "Redbandit87 won by resignation"]

1. d4 Nf6 2. Bf4 e6 3. e3 b6 4.
Nd2 Bb7 5. Ngf3 c5 6. c3 Nc6 7.
Nc4 d6 8. dxc5 dxc5 9. Nce5 a6 10. Qb3 Be7 11. Rd1 Nd5 12. c4 Nxe5 13. Nxe5 O-O 14. cxd5 exd5 15. Be2 f6 16. Nf3 b5 17. O-O Bd6 18. Rxd5 Bxd5 19. Qxd5+ Kh8 20. Qxd6 Qxd6 21. Bxd6 Rfc8 22. Rc1 c4 23. Nd4 Ra7 24. a3 Kg8 25.
Bg4 Rd8 26. Bc5 Rb7 27. Bf3 Rbd7 28. Bc6 Rf7 29. Bb6 Rd6 30. Bc5 Rd8 31. a4 Kh8 32. axb5 axb5 33. Bxb5 Rb8 34. Bxc4 Rfb7 35. b4 1-0

[Event "*** Titled Tuesday Blitz"]
[Site "Chess.com"]
[Date "2021.04.06"]
[Round "6"]
[White "Zhigalko_Sergei"]
[Black "beautroll"]
[Result "1-0"]
[WhiteElo "2893"]
[BlackElo "2466"]
[TimeControl "180+1"]
[EndTime "11:04:28 PDT"]
[Termination "Zhigalko_Sergei won by resignation"]

1. e4 d6 2. d4 Nf6 3. Nc3 g6 4. Nf3 Bg7 5. h3 O-O 6. Be3 e5 7.
dxe5 dxe5 8. Qxd8 Rxd8 9. Bc4 h6 10. Nxe5 Nxe4 11. Nxf7 Bxc3+ 12. bxc3 b5 13. Bb3 Re8 14.
Nd6+ Kf8 15. Bxh6+ Ke7 16. Nxe4 1-0

[Event "*** Titled Tuesday Blitz"]
[Site "Chess.com"]
[Date "2021.04.06"]
[Round "6"]
[White "Supernotar"]
[Black "Sergey85Rodchenkov"]
[Result "1-0"]
[WhiteElo "2693"]
[BlackElo "2533"]
[TimeControl "180+1"]
[EndTime "11:04:30 PDT"]
[Termination "Supernotar won by resignation"]

1. d4 Nf6 2. c4 e6 3. Nf3 b6 4. g3 Bb7 5. Bg2 Be7 6. O-O O-O 7. b3 d5 8. Bb2 Re8 9. Nbd2 Na6 10. e3 c5 11. Qe2 Bf8 12. Rfd1 Rc8 13. Rac1 Ne4 14. Nxe4 dxe4 15. Nd2 cxd4 16. Nxe4 e5 17. Nf6+ Qxf6 18. Bxb7 d3 19. Qg4 h5 20. Qh3 Nc5 21. Bxc8 Ne4 22.
Qf5 Qc6 23. Bd7 1-0

[Event "*** Titled Tuesday Blitz"]
[Site "Chess.com"]
[Date "2021.04.06"]
[Round "6"]
[White "CM_rui"]
[Black "Fraler15"]
[Result "1-0"]
[WhiteElo "2424"]
[BlackElo "2218"]
[TimeControl "180+1"]
[EndTime "11:04:31 PDT"]
[Termination "CM_rui won by checkmate"]

1. e4 c5 2. Nf3 e6 3. c4 Nc6 4. d4 cxd4 5. Nxd4 Nf6 6. Nc3 Bb4 7. Nxc6 bxc6 8. Bd3 e5 9. O-O O-O 10. Be3 d6 11. f3 Be6 12. Qc2 d5 13. cxd5 cxd5 14.
exd5 Nxd5 15. Bxh7+ Kh8 16. Nxd5 Bxd5 17. Qf5 g6 18. Bxg6 fxg6 19. Qxe5+ Kh7 20. Rad1 Re8 21. Qf4 Qa5 22. Bd4 Bc4 23. Qh4+ Kg8 24. Qh8+ Kf7 25. Qf6+ Kg8 26. Qg7# 1-0

[Event "*** Titled Tuesday Blitz"]
[Site "Chess.com"]
[Date "2021.04.06"]
[Round "6"]
[White "hleol"]
[Black "marszach123"]
[Result "1-0"]
[WhiteElo "2339"]
[BlackElo "2154"]
[TimeControl "180+1"]
[EndTime "11:04:33 PDT"]
[Termination "hleol won by resignation"]

1. d4 Nf6 2. Bg5 g6 3. Bxf6 exf6 4. e3 Bg7 5. g3 O-O 6. Bg2 d5 7. Ne2 c6 8. O-O f5 9. c4 Be6 10. c5 Nd7 11. b4 b6 12. Nbc3 bxc5 13. bxc5 Qa5 14.
Qd3 Rab8 15. Rab1 Nf6 16. Nf4 Ne4 17. Nxe6 fxe6 18. Ne2 Rxb1 19. Rxb1 Qxa2 20. f3 Qd2 21. Qxd2 Nxd2 22. Ra1 Ra8 23. Ra6 Nc4 24. e4 fxe4 25.
fxe4 Bh6 26. exd5 Be3+ 27. Kh1 cxd5 28. Rxe6 Rb8 29. Bxd5 1-0

[Event "*** Titled Tuesday Blitz"]
[Site "Chess.com"]
[Date "2021.04.06"]
[Round "6"]
[White "DrCeltic"]
[Black "gumimis"]
[Result "1-0"]
[WhiteElo "2477"]
[BlackElo "2322"]
[TimeControl "180+1"]
[EndTime "11:04:37 PDT"]
[Termination "DrCeltic won by checkmate"]

1. e4 c6 2. d4 d5 3. exd5 cxd5 4. c4 Nc6 5. cxd5 Qxd5 6. Nf3 Bg4 7. Nc3 Qe6+ 8. Be3 Bxf3 9. Qxf3 Nxd4 10. Qxb7 Rd8 11. O-O-O Rd7 12. Qa8+ Rd8 13. Bb5+ Nxb5 14. Qxd8# 1-0

[Event "*** Titled Tuesday Blitz"]
[Site "Chess.com"]
[Date "2021.04.06"]
[Round "6"]
[White "Skat2704"]
[Black "Ind1anStar"]
[Result "1-0"]
[WhiteElo "2634"]
[BlackElo "2503"]
[TimeControl "180+1"]
[EndTime "11:04:44 PDT"]
[Termination "Skat2704 won by resignation"]

1. d4 d5 2. c4 e6 3. Nf3 Nf6 4. Nc3 dxc4 5. e3 a6 6. Bxc4 b5 7. Be2 Bb7 8. O-O Nbd7 9. b3 c5 10. Bb2 Be7 11. a4 b4 12. Nb1 O-O 13. Nbd2 Rc8 14.
Nc4 Nd5 15. Rc1 N7f6 16. Nfe5 Ne4 17. Bd3 Ndc3 18. Qc2 cxd4 19. Bxc3 dxc3 20. Bxe4 1-0

[Event "*** Titled Tuesday Blitz"]
[Site "Chess.com"]
[Date "2021.04.06"]
[Round "6"]
[White "SanchezKelvin"]
[Black "ridnani2021"]
[Result "0-1"]
[WhiteElo "2517"]
[BlackElo "2365"]
[TimeControl "180+1"]
[EndTime "11:04:46 PDT"]
[Termination "ridnani2021 won by resignation"]

1. e4 c5 2. Nf3 d6 3. d4 cxd4 4. Nxd4 Nf6 5. Nc3 a6 6. Bg5 e6 7.
Qd2 Be7 8. f4 Qc7 9. O-O-O Nbd7 10. h4 b5 11. a3 Bb7 12. Bd3 Nb6 13. Qe2 Rc8 14. e5 dxe5 15. fxe5 Nfd5 16. Nxd5 Nxd5 17. Bxe7 Qxe7 18. Be4 b4 19. a4 b3 20. Nxb3 Qb4 21.
Rd4 Qxb3 22. Kb1 Qb6 23. Rhd1 Nc3+ 0-1

[Event "*** Titled Tuesday Blitz"]
[Site "Chess.com"]
[Date "2021.04.06"]
[Round "6"]
[White "Rodchenkov_Vitalij"]
[Black "gxbg2000"]
[Result "0-1"]
[WhiteElo "2145"]
[BlackElo "2010"]
[TimeControl "180+1"]
[EndTime "11:04:47 PDT"]
[Termination "gxbg2000 won by resignation"]

1. Nf3 Nf6 2. c4 c5 3. Nc3 g6 4. e4 d6 5. d4 cxd4 6. Nxd4 Nc6 7. g3 Bg7 8. Bg2 Ng4 9. Nxc6 Bxc3+ 10. bxc3 bxc6 11.
O-O O-O 12. Qd4 Ne5 13. f4 c5 14. Qd5 Be6 15. Qd1 Nxc4 16. f5 Bd7 17. Bh6 Re8 18. e5 Nxe5 19. Bxa8 Qxa8 20. fxg6 hxg6 21. Qe2 a6 22. Rae1 Bb5 23. Qf2 Bxf1 24. Rxf1 Qd5 25. Rb1 Ng4 26. Qe2 Nxh6 0-1

[Event "*** Titled Tuesday Blitz"]
[Site "Chess.com"]
[Date "2021.04.06"]
[Round "6"]
[White "northridgehawk"]
[Black "BvsN"]
[Result "0-1"]
[WhiteElo "2310"]
[BlackElo "2455"]
[TimeControl "180+1"]
[EndTime "11:04:50 PDT"]
[Termination "BvsN won by checkmate"]

1. e4 c5 2. Nf3 e6 3. d4 cxd4 4. Nxd4 a6 5. c4 Nf6 6. Nc3 Qc7 7. Be2 Bb4 8. Qd3 Nc6 9. O-O Nxd4 10. Qxd4 Bd6 11. g3 h5 12. Bf3 h4 13. Rd1 Bc5 14.
Qd3 hxg3 15. Kg2 Rxh2+ 16. Kg1 gxf2+ 17. Kf1 Qg3 18. Ke2 f1=Q+ 19. Kxf1 Qg1# 0-1

[Event "*** Titled Tuesday Blitz"]
[Site "Chess.com"]
[Date "2021.04.06"]
[Round "6"]
[White "Kiborg95"]
[Black "LawrenceTrent"]
[Result "1-0"]
[WhiteElo "2800"]
[BlackElo "2552"]
[TimeControl "180+1"]
[EndTime "11:04:51 PDT"]
[Termination "Kiborg95 won by resignation"]

1. e4 e5 2. Nf3 Nc6 3. Nc3 Nf6 4. Bb5 Bc5 5. O-O O-O 6. Nxe5 Nxe5 7. d4 Bd6 8. f4 Nc6 9. e5 Bb4 10. exf6 Qxf6 11.
a3 Bxc3 12. bxc3 d6 13. f5 Ne7 14. Bd3 Bd7 15. Qh5 Bxf5 16. Bg5 1-0

[Event "*** Titled Tuesday Blitz"]
[Site "Chess.com"]
[Date "2021.04.06"]
[Round "6"]
[White "Susik_Gaboyan"]
[Black "elvidirris"]
[Result "1-0"]
[WhiteElo "2266"]
[BlackElo "2028"]
[TimeControl "180+1"]
[EndTime "11:04:53 PDT"]
[Termination "Susik_Gaboyan won by resignation"]

1. Nf3 Nf6 2. g3 g6 3. Bg2 d6 4.
O-O e5 5. d3 Bg7 6. Nc3 O-O 7. e4 h6 8. h3 Nc6 9. Kh2 Be6 10. Ne1 Ne8 11. f4 f5 12. exf5 Bxf5 13. Nf3 Nf6 14. Nh4 Nd4 15. Nxf5 gxf5 16. Bxb7 Rb8 17.
Bg2 Qe8 18. fxe5 dxe5 19. Nd5 Qg6 20. Ne7+ 1-0

[Event "*** Titled Tuesday Blitz"]
[Site "Chess.com"]
[Date "2021.04.06"]
[Round "6"]
[White "Godzillator"]
[Black "Trickster_Pony"]
[Result "1-0"]
[WhiteElo "2301"]
[BlackElo "1551"]
[TimeControl "180+1"]
[EndTime "11:05:08 PDT"]
[Termination "Godzillator won by resignation"]

1. d4 d5 2. c4 Nc6 3. cxd5 Qxd5 4. e3 e5 5. Nc3 Bb4 6. Bd2 Bxc3 7. bxc3 Nf6 8. Qb3 Qd6 9. Bc1 b6 10. Ba3 Qd5 11. Bc4 Qd7 12. Bb5 exd4 13. cxd4 a6 14.
Be2 Na5 15. Qb4 Nc6 16. Qc3 Bb7 17. Nf3 b5 18. O-O b4 19. Bxb4 Nd5 20. Qc5 Ndxb4 21. Rab1 Qd8 22. a3 a5 23. axb4 axb4 24. Bb5 Qf6 25. Ne5 Ra5 26. Bxc6+ Bxc6 27. Qxc6+ Qxc6 28. Nxc6 1-0

[Event "*** Titled Tuesday Blitz"]
[Site "Chess.com"]
[Date "2021.04.06"]
[Round "6"]
[White "TheMagicMaik"]
[Black "babyking1205"]
[Result "0-1"]
[WhiteElo "2413"]
[BlackElo "2577"]
[TimeControl "180+1"]
[EndTime "11:05:11 PDT"]
[Termination "babyking1205 won by resignation"]

1. e4 c5 2. Nf3 d6 3. d4 cxd4 4. Nxd4 Nf6 5. f3 a6 6. c4 Nc6 7.
Nc3 g6 8. Be3 Bg7 9. Be2 O-O 10.
O-O Nxd4 11. Bxd4 Be6 12. Rc1 Rc8 13. b3 Qa5 14. Qd2 Rfd8 15. Rfd1 Qh5 16. Be3 b5 17.
cxb5 axb5 18. Nxb5 Rxc1 19. Rxc1 d5 20. Nc7 Bc8 21.
Nxd5 Nxd5 22. exd5 Bb7 23. Rc5 Qh4 24. Qc2 Qe1+ 25. Bf1 Qxe3+ 26. Qf2 Qxf2+ 27. Kxf2 Bd4+ 0-1

[Event "*** Titled Tuesday Blitz"]
[Site "Chess.com"]
[Date "2021.04.06"]
[Round "6"]
[White "Irishchessman16"]
[Black "WisdomGame"]
[Result "1-0"]
[WhiteElo "2279"]
[BlackElo "2080"]
[TimeControl "180+1"]
[EndTime "11:05:11 PDT"]
[Termination "Irishchessman16 won by resignation"]

1. e4 c5 2. Nf3 Nc6 3. d4 cxd4 4. Nxd4 Nf6 5. Nc3 e5 6. Ndb5 d6 7. Bg5 a6 8. Na3 b5 9. Nd5 Be7 10. Bxf6 gxf6 11. c3 f5 12. Nc2 Be6 13. exf5 Bxf5 14.
Nce3 Be6 15. a4 b4 16. a5 bxc3 17. bxc3 Bg5 18. Qa4 Rc8 19. Bxa6 O-O 20. Bxc8 Qxc8 21. O-O Ne7 22. Nxe7+ Bxe7 23. c4 f5 24. Nd5 Bd8 25.
a6 Qa8 26. a7 f4 27. f3 Kh8 28. Rfb1 Bh4 29. Nc7 Qc8 30. a8=Q 1-0

[Event "*** Titled Tuesday Blitz"]
[Site "Chess.com"]
[Date "2021.04.06"]
[Round "6"]
[White "ViditYT"]
[Black "SirStrateg"]
[Result "1-0"]
[WhiteElo "2931"]
[BlackElo "2635"]
[TimeControl "180+1"]
[EndTime "11:05:13 PDT"]
[Termination "ViditYT won by resignation"]

1. d4 Nf6 2. c4 Nc6 3. Nf3 e6 4. g3 Bb4+ 5. Bd2 Bxd2+ 6. Qxd2 d6 7. Bg2 O-O 8. O-O a5 9. Nc3 h6 10. e4 e5 11. h3 Re8 12. Rfe1 Nd7 13. Rad1 Nb6 14.
b3 a4 15. dxe5 dxe5 16. Qxd8 Nxd8 17. Nh4 axb3 18. axb3 Ne6 19. Nf3 Nc5 20. Nb5 Na6 21. Ra1 Bd7 22. Rxa6 bxa6 23. Nxc7 f6 24. c5 Rab8 25.
Nxe8 Bxe8 26. cxb6 Rxb6 27. Bf1 Bf7 28. Nd2 1-0

[Event "*** Titled Tuesday Blitz"]
[Site "Chess.com"]
[Date "2021.04.06"]
[Round "6"]
[White "FeketeBarika"]
[Black "Nicolas_Chess10"]
[Result "0-1"]
[WhiteElo "2286"]
[BlackElo "2448"]
[TimeControl "180+1"]
[EndTime "11:05:15 PDT"]
[Termination "Nicolas_Chess10 won by resignation"]

1. Nf3 c5 2. g3 Nc6 3. Bg2 g6 4.
c4 Bg7 5. O-O e6 6. Nc3 Nge7 7.
b3 d5 8. cxd5 exd5 9. Bb2 O-O 10. Rc1 d4 11. Na4 b6 12. d3 h6 13. Nd2 Be6 14. a3 Rc8 15. Re1 Qd7 16. Qc2 Rfd8 17. Qb1 Bd5 18. Nf3 Bxb3 19. Bxd4 Bxa4 20. Bxg7 Kxg7 21.
Qb2+ f6 22. Rc4 Nd4 23. Rec1 Nxf3+ 24. Bxf3 h5 25. Rf4 Rf8 26. g4 Bc6 27. g5 Qd6 0-1

[Event "*** Titled Tuesday Blitz"]
[Site "Chess.com"]
[Date "2021.04.06"]
[Round "6"]
[White "GMaka"]
[Black "DonPreuss"]
[Result "1-0"]
[WhiteElo "2458"]
[BlackElo "2254"]
[TimeControl "180+1"]
[EndTime "11:05:15 PDT"]
[Termination "GMaka won by resignation"]

1. Nf3 Nc6 2. d4 e5 3. d5 e4 4. dxc6 bxc6 5. Nd4 Bc5 6. e3 Ne7 7. b3 d5 8. Bb2 O-O 9. Be2 Bd6 10. c4 Ng6 11. Nxc6 Qg5 12. g3 Bh3 13. Qxd5 Ne5 14. Bxe5 Be6 15. Qd4 Rad8 16. Bxd6 Rxd6 17. Qe5 Qh6 18. Nd4 Bh3 19. Nc3 Bg2 20. Rg1 Qxh2 21. O-O-O f6 22. Qe7 Rf7 23. Qe8+ Rf8 24. Qh5 Qxh5 25.
Bxh5 g6 26. Rxg2 gxh5 27. Nf5 Ra6 28. Rh2 Ra5 29. Rxh5 1-0

[Event "*** Titled Tuesday Blitz"]
[Site "Chess.com"]
[Date "2021.04.06"]
[Round "6"]
[White "thechesscorner64"]
[Black "dosto07"]
[Result "1-0"]
[WhiteElo "2421"]
[BlackElo "2249"]
[TimeControl "180+1"]
[EndTime "11:05:16 PDT"]
[Termination "thechesscorner64 won by resignation"]

1. e4 e5 2. Nf3 Nc6 3. Bc4 Bc5 4. d3 d6 5. c3 Nf6 6. Nbd2 a6 7. Nf1 O-O 8. Ng3 Be6 9. Bxe6 fxe6 10. O-O d5 11. b4 Ba7 12. Bg5 h6 13. Bd2 dxe4 14. dxe4 Qd3 15. Qb3 Rae8 16. Rad1 Nxe4 17. Be3 Nd4 18. Rxd3 Nxb3 19. Nxe4 Bxe3 20. Rxe3 1-0